 Dungeon Crawl Stone Soup version 0.18.1-47-g9310371 (console) character file.

424 Kloppie the Slasher (level 6, -2/57 HPs)
             Began as a Minotaur Berserker on June 20, 2016.
             Was a Priest of Trog.
             Slain by an orc wizard
             ... wielding a +0 dagger
              (4 damage)
             ... on level 4 of the Dungeon.
             The game lasted 00:04:30 (2501 turns).

Kloppie the Slasher (Minotaur Berserker)            Turns: 2501, Time: 00:04:31

Health: -2/57      AC:  8    Str: 22    XL:     6   Next: 64%
Magic:  5/5        EV: 10    Int:  4    God:    Trog [***...]
Gold:   262        SH:  0    Dex: 11    Spells: 0 memorised, 5 levels left

rFire  . . .     SeeInvis .     a - +0 falchion
rCold  . . .     Gourm    .     d - +0 scale mail
rNeg   . . .     Faith    .     (no shield)
rPois  .         Spirit   .     (helmet restricted)
rElec  .         Dismiss  .     (no cloak)
rCorr  .         Reflect  .     (no gloves)
SustAt .         Harm     .     s - +0 pair of boots
MR     .....                    (no amulet)
Stlth  ..........               (no ring)
                                (no ring)

@: exhausted, slowed, drained, very slow, not resistant to hostile enchantments,
extremely unstealthy
A: retaliatory headbutt, horns 2
a: Berserk, Trog's Hand, Burn Spellbooks, Renounce Religion


You were on level 4 of the Dungeon.
You worshipped Trog.
Trog was most pleased with you.
You were very hungry.

You visited 1 branch of the dungeon, and saw 4 of its levels.
You also visited: Sewer.

You collected 262 gold pieces.

Inventory:

Hand Weapons
 a - a +0 falchion (weapon)
Armour
 d - a +0 scale mail (worn)
 s - a +0 pair of boots (worn)
Jewellery
 l - an uncursed amulet of harm {unknown}
 C - a cursed -3 ring of protection {unknown}
Scrolls
 b - 2 scrolls of noise {unknown}
 f - a scroll of enchant weapon {unknown}
 g - a scroll of amnesia {unknown}
 h - 3 scrolls of remove curse {unknown}
 k - a scroll of blinking {unknown}
 m - 2 scrolls of magic mapping {unknown}
 q - a scroll of teleportation {unknown}
 t - 4 scrolls of identify {unknown}
 x - a scroll of fog {unknown}
 y - a scroll of fear {unknown}
 A - a scroll of acquirement {unknown}
Potions
 e - 2 potions of might {unknown}
 i - a potion of beneficial mutation {unknown}
 j - 2 potions of magic {unknown}
 n - 2 potions of invisibility {unknown}
 r - 2 potions of curing {unknown}
 v - a potion of heal wounds {unknown}
 z - a potion of resistance {unknown}
 B - a potion of berserk rage {unknown}
Comestibles
 c - 6 bread rations
 o - 2 fruits
 p - 2 beef jerkies
 u - 2 meat rations


   Skills:
 + Level 5.9(5.8) Fighting
 + Level 5.9(5.8) Long Blades
 + Level 5.5(5.4) Armour
 - Level 2.1 Dodging


You had 5 spell levels left.
You didn't know any spells.

Dungeon Overview and Level Annotations

Branches:
Dungeon (4/15)
 Temple: D:4-7

Altars:
Dithmenos
Qazlal
Xom


Innate Abilities, Weirdness & Mutations

You reflexively headbutt those who attack you in melee.
You have a pair of horns on your head.


Message History

You miss something. You headbutt something.
You hear some strange, mumbled words.
A magic dart appears from out of thin air!
The magic dart hits you!
* * * LOW HITPOINT WARNING * * *
Something hits you but does no damage.
You barely miss something. Something hits you but does no damage.
You hear some strange, mumbled words.
A magic dart appears from out of thin air!
The magic dart hits you!
* * * LOW HITPOINT WARNING * * *
You closely miss something. Something hits you.
* * * LOW HITPOINT WARNING * * *
You hear some strange, mumbled words.
A magic dart appears from out of thin air!
The magic dart hits you!
* * * LOW HITPOINT WARNING * * *
You miss something. You headbutt something.
Something hits you but does no damage. Something hits you.
You die...

$....###..
.........#
#....# #..
##...# #..#
#....# #..#
##....## #..#
##......####..#
##).####..##..#
##{@## #.....#
#..## ##....#
#...## #....###
.......
##......####
.......
#...###....#
....(.. #..##
####.. ..#####
#..# ##. .
#...## ##
###.<## #


There were no monsters in sight!

Vanquished Creatures
  A crocodile (Sewer)
  A hound (D:4)
  A giant frog skeleton (D:4)
  An orc priest (D:4)
  An orc wizard (D:4)
  A worker ant (D:4)
  4 gnolls (D:2)
  6 adders
  A river rat (D:3)
  2 oozes (D:1)
  An adder zombie (D:4)
  6 worms
  3 dart slugs
  3 giant geckos
  2 orcs
  3 ball pythons
  13 bats
  4 giant cockroaches
  5 goblins
  3 hobgoblins
  6 jackals
  7 kobolds
  A quokka (D:2)
  2 giant newts
  5 rats
83 creatures vanquished.

Notes
Turn   | Place    | Note
--------------------------------------------------------------
     0 | D:1      | Kloppie the Minotaur Berserker began the quest for the Orb.
     0 | D:1      | Reached XP level 1. HP: 19/19 MP: 0/0
   131 | D:1      | Reached XP level 2. HP: 24/27 MP: 1/1
   352 | D:1      | Reached XP level 3. HP: 33/33 MP: 2/2
   355 | D:1      | Reached ** piety under Trog
   765 | D:2      | Found a shimmering altar of Xom.
   783 | D:2      | Reached XP level 4. HP: 41/41 MP: 3/3
  1082 | D:2      | Found a stormy altar of Qazlal.
  1160 | D:2      | Reached *** piety under Trog
  1160 | D:2      | Reached skill level 5 in Fighting
  1160 | D:2      | Reached XP level 5. HP: 41/48 MP: 4/4
  1354 | D:3      | Found a shadowy altar of Dithmenos.
  1701 | D:3      | Found a glowing drain.
  1704 | D:3      | Reached skill level 5 in Long Blades
  1755 | Sewer    | Entered a sewer
  1943 | Sewer    | Noticed a crocodile
  1957 | Sewer    | Killed a crocodile
  1957 | Sewer    | Reached XP level 6. HP: 56/56 MP: 5/5
  2098 | D:3      | Reached skill level 5 in Armour
  2500 | D:4      | HP: 2/57 [something/magic dart (9)]
  2501 | D:4      | Slain by an orc wizard

Skill      XL: |  1  2  3  4  5  6 |
---------------+-------------------+-----
Fighting       | 4 5 |  5.9
Armour         | 3 4 5 |  5.5
Long Blades    | 4 5 |  5.9
Dodging        | |  2.1

Action                   |  1- 3 |  4- 6 || total
-------------------------+-------+-------++-------
Melee: Falchion          |    83 |   143 ||   226
       Headbutt          |    14 |    25 ||    39
Invok: Berserk           |       |     2 ||     2
       Trog's Hand       |       |     1 ||     1
  Eat: Chunk             |       |     6 ||     6
Armor: Scale mail        |    35 |    87 ||   122
Dodge: Dodged            |    38 |    80 ||   118
